 Dungeon Crawl Stone Soup version 0.19.5 (webtiles) character file.

59 equalderp2856 the Caller (level 3, -2/14 HPs)
             Began as a Felid Summoner on Apr 1, 2017.
             Slain by Agrougrou's ghost (16 damage)
             ... on level 3 of the Dungeon.
             The game lasted 00:09:03 (3641 turns).

equalderp2856 the Caller (Felid Summoner)           Turns: 3641, Time: 00:09:04

Health: -2/14      AC:  1    Str:  4    XL:     3   Next: 78%
Magic:  1/8        EV: 18    Int: 16    God:
Gold:   78         SH:  0    Dex: 17    Spells: 2 memorised, 5 levels left
                                        Lives:  0   Deaths: 0

rFire  . . .     SeeInvis +       - Unarmed
rCold  . . .     Gourm    .     (armour unavailable)
rNeg   . . .     Faith    .     (shield unavailable)
rPois  .         Spirit   .     (helmet unavailable)
rElec  .         Reflect  .     (cloak unavailable)
rCorr  .         Harm     .     (gloves unavailable)
MR     .....                    (boots unavailable)
Stlth  +++.......               (no amulet)
                                (no ring)
                                (no ring)

@: quick
A: no armour, no weapons or thrown items, stealth, claws 1, fangs 3, see
invisible, carnivore 3, speed 1, shaggy fur 1, slow metabolism 1, sharp paws
a: no special abilities


You were on level 3 of the Dungeon.
You were not hungry.

You visited 1 branch of the dungeon, and saw 3 of its levels.

You collected 78 gold pieces.

Inventory:

Missiles
 e - 4 tomahawks of returning
Scrolls
 g - a scroll of recharging {unknown}
Potions
 h - a potion of cancellation {unknown}
 i - a potion of heal wounds {unknown}
Books
 a - a book of Callings

   Spells                             Type                      Level
   a - Summon Small Mammal            Summoning                    1
   b - Call Imp                       Summoning                    2
   c - Call Canine Familiar           Summoning                    3
   d - Summon Guardian Golem          Hexes/Summoning              3
   e - Summon Lightning Spire         Summoning/Air                4
   f - Summon Ice Beast               Ice/Summoning                4
Comestibles
 b - 2 meat rations
 c - a royal jelly
 d - a beef jerky
 f - a slice of pizza


   Skills:
 + Level 0.2 Fighting
 + Level 3.1 Dodging
 + Level 3.0 Stealth
 + Level 1.3 Unarmed Combat
 + Level 3.1 Spellcasting
 - Level 4.0 Summonings


You had 5 spell levels left.
You knew the following spells:

 Your Spells              Type           Power        Failure   Level  Hunger
a - Summon Small Mammal   Summ           ###.         4%          1    None
b - Call Imp              Summ           ###.....     8%          2    ##.....


Dungeon Overview and Level Annotations

Branches:
Dungeon (3/15)

Altars:

Annotations:
D:2 Natasha, Robin
D:3 Agrougrou's ghost, amateur FoFi


Innate Abilities, Weirdness & Mutations

You cannot wear armour.
You are incapable of wielding weapons or throwing items.
Your paws allow you to move quietly. (Stealth)
You have sharp claws.
You have razor-sharp teeth.
You have supernaturally acute eyesight. (SInv)
You are carnivorous and can eat meat at any time.
You cover ground quickly.
You are covered in fur. (AC +1)
You have a slow metabolism.
Your sharp claws are effective at attacking unaware monsters.


Message History

Your bat closely misses Agrougrou's ghost.
Your crimson imp hits Agrougrou's ghost but does no damage.
You barely miss Agrougrou's ghost.
Agrougrou's ghost is almost destroyed.
Your bat hits Agrougrou's ghost but does no damage. x2
Agrougrou's ghost hits your bat!
Your bat dies!
Your bat's corpse disappears in a puff of smoke!
Your crimson imp barely misses Agrougrou's ghost.
Agrougrou's ghost turns its malevolent gaze towards you.
You scratch Agrougrou's ghost but do no damage.
Agrougrou's ghost is almost destroyed.
Agrougrou's ghost barely misses you.
Your crimson imp barely misses Agrougrou's ghost.
Unknown command.
You scratch Agrougrou's ghost but do no damage.
Agrougrou's ghost is almost destroyed.
Agrougrou's ghost hits you!
Ouch! That really hurt!
You die...

#####..........<
>.......########
##.....### . ..([.....##
.. #.........# .#
..........#######..#
..........<.##....#####
.........#.....####...#...
..#####..#......@W........
.... ##...######5......).
#... ##..# #.......(. #.
#.... #......... # #.###
##........ # .. #....#...
. ... #.######. . ..# .


You could see Agrougrou's ghost and a friendly crimson imp.

Vanquished Creatures
  3 leopard geckos
  5 goblins
  4 hobgoblins (D:1)
  A jackal (D:1)
  A ball python (D:1)
  A bat (D:1)
  2 frilled lizards (D:1)
  A kobold (D:1)
  4 rats
22 creatures vanquished.

Vanquished Creatures (collateral kills)
  2 adders (D:2)
  A dart slug (D:1)
  A leopard gecko (D:2)
  2 bats
  A giant cockroach (D:1)
  2 hobgoblins
  7 jackals (D:1)
  8 kobolds
  6 goblins
  3 rats (D:1)
33 creatures vanquished.

Grand Total: 55 creatures vanquished

Notes
Turn   | Place    | Note
-------+----------+-------------------------------------------
     0 | D:1      | equalderp2856 the Felid Summoner began the quest for the Orb.
     0 | D:1      | Reached XP level 1. HP: 7/7 MP: 4/4
   662 | D:1      | Reached XP level 2. HP: 6/11 MP: 3/6
   836 | D:1      | Learned a level 2 spell: Call Imp
  1948 | D:1      | Reached XP level 3. HP: 14/14 MP: 6/8
  2365 | D:2      | Noticed Robin
  3169 | D:2      | Reached skill level 1 in Unarmed Combat
  3174 | D:2      | Noticed Natasha
  3612 | D:3      | Noticed Agrougrou's ghost (amateur FoFi)
  3641 | D:3      | Slain by Agrougrou's ghost

Skill      XL: |  1  2  3 |
---------------+----------+-----
Dodging        | 3 |  3.1
Spellcasting   | 3 |  3.1
Stealth        | 3 |  3.0
Unarmed Combat | 1 |  1.3
Fighting       | |  0.2
Summonings     | |  4.0

Action                   || total
-------------------------++-------
Melee: Unarmed           ||   120
       Bite              ||    13
 Cast: Summon Small Mamm ||    47
       Call Imp          ||    28
 Stab: Sleeping          ||     2
       Distracted        ||     1
  Eat: Chunk             ||    10
Armor: Skin              ||     4
Dodge: Dodged            ||   123
